 Dungeon Crawl Stone Soup version 0.25.1-2-g60ff931df9 (webtiles) character file.

Game seed: 12560768903505384436

76 nikku the Chopper (level 4, -5/41 HPs)
             Began as a Hill Orc Monk on Nov 11, 2020.
             Slain by a gnoll
             ... wielding a +0 flail
              (13 damage)
             ... on level 2 of the Dungeon.
             The game lasted 00:04:02 (2120 turns).

nikku the Chopper (Hill Orc Monk)                   Turns: 2120, Time: 00:04:02

Health: -5/41      AC:  2    Str: 14    XL:     4   Next: 32%
Magic:  13/13      EV: 13    Int: 10    God:
Gold:   84         SH:  0    Dex: 13    Spells: 3/3 levels left

rFire    . . .     SeeInvis .   d - +1 spear
rCold    . . .     Gourm    .   (no shield)
rNeg     . . .     Faith    .   b - +0 robe
rPois    .         Spirit   .   (no helmet)
rElec    .         Reflect  .   (no cloak)
rCorr    .         Harm     .   (no gloves)
MR       .....                  (no boots)
Stlth    ++........             (no amulet)
HPRegen  0.13/turn              f - ring of magical power
MPRegen  0.13/turn              (no ring)

@: no status effects
A: no striking features
a: no special abilities


You were on level 2 of the Dungeon.
You were not hungry.

You visited 1 branch of the dungeon, and saw 2 of its levels.

You collected 84 gold pieces.

Inventory:

Hand Weapons
 a - a +0 hand axe
 d - a +1 spear (weapon)
Armour
 b - a +0 robe (worn)
Jewellery
 f - a ring of magical power (left hand)
Scrolls
 i - 2 scrolls of identify {unknown}
 l - a scroll of magic mapping {unknown}
Potions
 e - a potion of stabbing {unknown}
 g - a potion of brilliance {unknown}
 h - a potion of lignification {unknown}
 m - a potion of mutation {unknown}
Comestibles
 c - a ration


   Skills:
 + Level 4.5 Fighting
 - Level 4.6(4.8) Axes
 + Level 1.2(2.7) Polearms
 + Level 2.2 Armour
 - Level 2.4 Dodging
 - Level 1.5 Stealth


You had 3 spell levels left.
You didn't know any spells.
Your spell library was empty.

Dungeon Overview and Level Annotations

Branches:
Dungeon (2/15)

Altars:


Message History

You closely miss the gnoll.
The gnoll is moderately wounded.
The gnoll closely misses you. The gnoll hits you with a +0 halberd!
You climb upwards.
There is a stone staircase leading down here.
You are too injured to fight recklessly!
The gnoll hits you from afar with a +0 halberd!
* * * LOW HITPOINT WARNING * * *
There is a stone staircase leading down here.
The gnoll closely misses you.
You climb downwards.
The gnoll misses you.
There is a stone staircase leading up, spattered with blood here.
You are too injured to fight recklessly!
You are too injured to fight recklessly!
You are too injured to fight recklessly!
You are too injured to fight recklessly!
You barely miss the gnoll. The gnoll barely misses you.
You completely miss the gnoll. The gnoll hits you with a +0 flail!
You die...

#....................#
......#.#.##.........#
...÷..#.#.##.........#
......#.#.##.........#
......#.#.##.######...
......#.............
####.##.#.##.####.#.
####.##.#.##.####.#
...............g@.#
####.##.#.#######.#
#.##.#.# .# #.##.#.#
.# #g##.#.# .#
#.##.#.# .. #†##.#.#
.# #.##.#.. .. #.##.#


You could see a gnoll.

Vanquished Creatures
  A gnoll (D:2)
  2 adders (D:2)
  A dart slug (D:1)
  3 leopard geckos
  3 bats
  3 giant cockroaches
  A goblin (D:1)
  6 hobgoblins
  7 jackals
  6 kobolds (D:1)
  A quokka (D:2)
  A ball python (D:2)
  6 rats
41 creatures vanquished.

Notes
Turn   | Place    | Note
-------+----------+-------------------------------------------
     0 | D:1      | nikku the Hill Orc Monk began the quest for the Orb.
     0 | D:1      | Reached XP level 1. HP: 19/19 MP: 1/1
   106 | D:1      | Reached XP level 2. HP: 18/27 MP: 2/2
   274 | D:1      | Reached skill level 1 in Armour
  1115 | D:1      | Reached XP level 3. HP: 26/33 MP: 3/3
  1911 | D:2      | Reached skill level 1 in Polearms
  1911 | D:2      | Reached XP level 4. HP: 37/41 MP: 4/4
  2120 | D:2      | Slain by a gnoll

Illustrated notes

Levels and vault maps discovered:
D:1:      dpeg_arrival_boxorama, layout_basic, minmay_misc_feat_alley
D:2:      layout_basic

Skill      XL: |  1  2  3 |
---------------+----------+-----
Armour         | 1 2 |  2.2
Fighting       | 4 |  4.5
Polearms       | 1 |  1.2
Axes           | |  4.6
Dodging        | |  2.4
Stealth        | |  1.5

Action                   |  1- 3 |  4- 6 || total
-------------------------+-------+-------++-------
Melee: Spear             |   182 |    13 ||   195
Throw: Javelin           |     2 |     2 ||     4
  Use: Scroll            |     2 |       ||     2
 Stab: Sleeping          |     3 |       ||     3
  Eat: Chunk             |     3 |     1 ||     4
Armor: Robe              |    38 |       ||    38
Dodge: Dodged            |   104 |     9 ||   113
